 Dungeon Crawl Stone Soup version 0.25-a0-310-g60f0ac2d9a (webtiles) character file.

Game seed: 803439348385937906, levelgen mode: classic

96 Borgoz the Chopper (level 4, 0/28 HPs)
             Began as a Gargoyle Berserker on Dec 24, 2019.
             Was a Believer of Trog.
             Slain by a gnoll
             ... wielding a +0 flail
              (9 damage)
             ... on level 2 of the Dungeon.
             The game lasted 00:01:30 (1261 turns).

Borgoz the Chopper (Gargoyle Berserker)             Turns: 1261, Time: 00:01:30

Health: 0/28       AC: 10    Str: 21    XL:     4   Next: 67%
Magic:  4/4        EV: 11    Int:  7    God:    Trog [**....]
Gold:   109        SH:  0    Dex: 10    Spells: 3/3 levels left

rFire    . . .     SeeInvis .   a - +0 hand axe
rCold    . . .     Gourm    .   (no shield)
rNeg     + . .     Faith    .   d - +0 ring mail
rPois    ∞         Spirit   .   (no helmet)
rElec    +         Reflect  .   (no cloak)
rCorr    .         Harm     .   (no gloves)
MR       ++...                  i - +0 pair of boots
Stlth    ..........             (no amulet)
HPRegen  1.09/turn              (no ring)
MPRegen  0.09/turn              (no ring)

@: berserk cooldown, regenerating, slowed, very slow
A: negative energy resistance 1, electricity resistance, unbreathing,
petrification resistance, rot immunity, AC +3
a: Berserk, Trog's Hand, Renounce Religion


You were on level 2 of the Dungeon.
You worshipped Trog.
Trog was pleased with you.
You were near starving.

You visited 1 branch of the dungeon, and saw 2 of its levels.

You collected 109 gold pieces.

Inventory:

Hand Weapons
 a - a +0 hand axe (weapon)
Armour
 d - a +0 ring mail (worn)
 i - a +0 pair of boots (worn)
Scrolls
 g - 2 scrolls of teleportation {unknown}
 k - a scroll of random uselessness {unknown}
Potions
 b - a potion of degeneration {unknown}
 e - 2 potions of heal wounds {unknown}
 h - a potion of flight {unknown}
 j - 2 potions of curing {unknown}
Comestibles
 c - 8 rations
 f - 2 chunks of flesh


   Skills:
 - Level 3.2 Fighting
 + Level 3.5 Axes
 + Level 3.4 Armour
 + Level 2.5 Dodging


You had 3 spell levels left.
You didn't know any spells.
Your spell library was empty.

Dungeon Overview and Level Annotations

Branches:
Dungeon (2/15)

Altars:


Innate Abilities, Weirdness & Mutations

You are resistant to torment.
Your stone body is resilient. (AC +3)
You are immune to poison.
You resist negative energy. (rN+)
You are resistant to electric shocks. (rElec)
You can survive without breathing.
You are immune to petrification.
You are immune to rotting.


Message History

Your skin crawls.
You feel resistant to hostile enchantments.
You feel somewhat more hungry. The gnoll hits you but does no damage.
The gnoll throws a throwing net.
The throwing net hits you.
You become entangled in the net!
You see here a throwing net.
You struggle against the net.
The gnoll hits you but does no damage.
You struggle against the net.
The gnoll hits you with a +0 flail.
* * * LOW HITPOINT WARNING * * *
You struggle against the net.
The gnoll hits you with a +0 flail.
* * * LOW HITPOINT WARNING * * *
You rip the net and break free!
You are near starving!
The gnoll closely misses you.
You feel the effects of Trog's Hand fading.
The gnoll throws a throwing net.
The throwing net barely misses you.
You hit the gnoll but do no damage.
The gnoll is moderately wounded.
The gnoll hits you with a +0 flail!
You die...

##.....# ...#
...#.### #..# ####.#
#..# #.# ######..#
####'## ........#
......## #)#
##.....## ###.#
#..<....# ##.#g##
.........# ##...@.##
.........+.........##
.........####......>#
#.......## ##.#(..##
.......## ####.##
###...## #.# #+## #.#
#.# #.# #.########
#.#


You could see a gnoll.

Vanquished Creatures
  3 gnolls (D:2)
  2 adders (D:2)
  An ooze (D:1)
  2 dart slugs
  A leopard gecko (D:2)
  2 bats
  2 giant cockroaches (D:2)
  2 goblins
  9 hobgoblins
  2 frilled lizards
  8 kobolds
  8 rats
42 creatures vanquished.

Notes
Turn   | Place    | Note
-------+----------+-------------------------------------------
     0 | D:1      | Borgoz the Gargoyle Berserker began the quest for the Orb.
     0 | D:1      | Reached XP level 1. HP: 14/14 MP: 1/1
   173 | D:1      | Reached XP level 2. HP: 17/19 MP: 2/2
   508 | D:1      | Reached XP level 3. HP: 23/23 MP: 3/3
   999 | D:2      | Reached ** piety under Trog
  1023 | D:2      | Reached XP level 4. HP: 24/28 MP: 4/4
  1252 | D:2      | HP: 1/28 [gnoll/+0 flail (9)]
  1261 | D:2      | Slain by a gnoll

Levels and vault maps discovered:
D:1:      wander_arrival_abandoned_jail, layout_loops_ring,
          hangedman_abyss_or_decor_stabs
D:2:      layout_loops_corners, minmay_misc_feat_chi, feat_on_display,
          uniq_robin

Skill      XL: |  1  2  3 |
---------------+----------+-----
Axes           | 3 |  3.5
Dodging        | 2 |  2.5
Armour         | 3 |  3.4
Fighting       | |  3.2

Action                   |  1- 3 |  4- 6 || total
-------------------------+-------+-------++-------
Melee: Hand axe          |   127 |    38 ||   165
Invok: Berserk           |       |     1 ||     1
       Trog's Hand       |       |     1 ||     1
  Eat: Chunk             |     1 |       ||     1
Armor: Ring mail         |    55 |    15 ||    70
Dodge: Dodged            |    74 |    18 ||    92

Table legend:
 A = Non-vault XP
 B = Vault XP
 C = Vault XP percentage of total XP
 D = Non-vault monster count
 E = Vault monster count
 F = Vault count percentage of total count
                 A         B        C        D         E       F
            +---------+---------+-------+---------+---------+-------
      Total |     138 |       0 |   0.0 |      42 |       0 |   0.0
            +---------+---------+-------+---------+---------+-------
        D:1 |      36 |       0 |   0.0 |      19 |       0 |   0.0
        D:2 |     102 |       0 |   0.0 |      23 |       0 |   0.0
            +---------+---------+-------+---------+---------+-------
